 Dungeon Crawl Stone Soup version 0.22-a0-539-gfbd9004e3f (webtiles) character file.

256 Hercules1031 the Skirmisher (level 6, 17/55 HPs)
             Began as a Hill Orc Fighter on June 24, 2018.
             Starved to death
             ... on level 3 of the Dungeon.
             The game lasted 00:05:16 (1387 turns).

Hercules1031 the Skirmisher (Hill Orc Fighter)      Turns: 1387, Time: 00:05:17

Health: 17/55      AC: 10    Str: 21    XL:     6   Next: 16%
Magic:  6/6        EV:  6    Int:  8    God:
Gold:   143        SH:  9    Dex: 10    Spells: 5/5 levels left

rFire    x . .     SeeInvis .   a - +0 war axe
rCold    + . .     Gourm    .   c - +0 shield
rNeg     . . .     Faith    .   k - +0 chain mail
rPois    .         Spirit   .   j - +0 helmet
rElec    .         Reflect  .   (no cloak)
rCorr    .         Harm     .   (no gloves)
MR       .....                  (no boots)
Stlth    ..........             (no amulet)
HPRegen  0.18/turn              i - ring of ice
MPRegen  0.10/turn              (no ring)

@: fainting
A: no striking features
a: no special abilities


You were on level 3 of the Dungeon.
You were fainting.

You visited 1 branch of the dungeon, and saw 3 of its levels.

You collected 143 gold pieces.

Inventory:

Hand Weapons
 a - a +0 war axe (weapon)
 e - a +0 whip of flaming
 n - a +2 dagger of protection
Armour
 b - a +0 ring mail of cold resistance
 c - a +0 shield (worn)
 j - a +0 helmet (worn)
 k - a +0 chain mail (worn)
Jewellery
 i - a ring of ice (left hand)
Scrolls
 l - a scroll of teleportation
 m - a scroll of remove curse


   Skills:
 * Level 4.9 Fighting
 + Level 3.9 Axes
 * Level 4.4 Armour
 * Level 1.9 Dodging
 * Level 4.5 Shields


You had 5 spell levels left.
You didn't know any spells.
Your spell library was empty.

Dungeon Overview and Level Annotations

Branches:
Dungeon (3/15)

Altars:
Dithmenos

Annotations:
D:3 1 transporter


Message History

The hungry ghost is heavily damaged.
The hungry ghost hits you.
You feel slightly more hungry. The hungry ghost hits you.
You feel slightly more hungry.
You closely miss the hungry ghost.
The hungry ghost is heavily damaged.
The hungry ghost hits you.
You feel slightly more hungry.
You miss the hungry ghost.
The hungry ghost is heavily damaged.
You block the hungry ghost's attack. The hungry ghost hits you.
You feel slightly more hungry.
You miss the hungry ghost.
The hungry ghost is heavily damaged.
The hungry ghost hits you.
You feel slightly more hungry.
You closely miss the hungry ghost.
The hungry ghost is heavily damaged.
You block the hungry ghost's attack.
You hit the hungry ghost.
The hungry ghost is heavily damaged.
You have starved to death.
You die...

..## #.# ... ..# .
#.####.### ##########.
##.......
<......<:..###...##.##
#.#######......©....†##
#.....# #..#########..#
#.###.# ..##8.....8##.#
.## #)# ..#....W@...#.# #
## #.##..#.##.©.##.#.#.#
#
#.##..#.##...##.#.#.#####
#
#.##..#........©#........
.
#.##..#.##...##.#.#.#####
. #†##..#.##...##.#.#.#
.# #.##..#..(?$=)..#...#
.####.##..##8$._.$8##.#.#
...........#########..#.#


You could see a hungry ghost.

Vanquished Creatures
  A wyvern (D:3)
  4 adders
  2 worms (D:2)
  A dart slug (D:2)
  2 leopard geckos
  A ball python (D:1)
  5 bats
  4 giant cockroaches
  7 goblins
  7 hobgoblins
  4 jackals (D:1)
  6 kobolds (D:1)
  2 frilled lizards (D:1)
  8 rats
54 creatures vanquished.

Notes
Turn   | Place    | Note
-------+----------+-------------------------------------------
     0 | D:1      | Hercules1031 the Hill Orc Fighter began the quest for the Orb.
     0 | D:1      | Reached XP level 1. HP: 19/19 MP: 1/1
    97 | D:1      | Reached XP level 2. HP: 23/27 MP: 2/2
   401 | D:1      | Reached XP level 3. HP: 29/33 MP: 3/3
  1086 | D:2      | Reached skill level 1 in Dodging
  1086 | D:2      | Reached XP level 4. HP: 33/40 MP: 4/4
  1290 | D:3      | Found a shadowy altar of Dithmenos.
  1293 | D:3      | Noticed a wyvern
  1302 | D:3      | Found a transporter.
  1308 | D:3      | Noticed a hungry ghost
  1311 | D:3      | Found a transporter.
  1342 | D:3      | Killed a wyvern
  1342 | D:3      | Reached XP level 5. HP: 19/47 MP: 5/5
  1342 | D:3      | Reached XP level 6. HP: 22/55 MP: 6/6
  1387 | D:3      | Starved to death

Vault maps used:
D:1:      dpeg_arrival_lava_temple_mockup, minivault_27, patterned_corridor
D:2:      first_ration
D:3:      regret_index_temple_of_mockery, gammafunk_temple_overflow_arena

Skill      XL: |  1  2  3  4 |
---------------+-------------+-----
Fighting       | 4 |  4.9
Axes           | 3 |  3.9
Dodging        | 1 |  1.9
Shields        | 4 |  4.5
Armour         | 4 |  4.4

Action                   |  1- 3 |  4- 6 || total
-------------------------+-------+-------++-------
Melee: War axe           |   143 |    86 ||   229
  Use: Scroll            |     2 |     4 ||     6
       Potion            |     1 |     1 ||     2
  Eat: Chunk             |       |     3 ||     3
       Ration            |       |     4 ||     4
Armor: Scale mail        |    50 |       ||    50
       Chain mail        |    12 |    69 ||    81
Dodge: Dodged            |    44 |    21 ||    65
Block: Shield            |    87 |    51 ||   138

Table legend:
 A = Spawn XP
 B = Non-spawn XP
 C = Spawn XP percentage of total XP
 D = Spawn monster count
 E = Non-spawn monster count
 F = Spawn count percentage of total count
 G = Total turns spent on level
                    A         B        C        D         E        F      G
               +---------+---------+-------+---------+---------+-------+---------
         Total |       0 |     367 |   0.0 |       0 |      54 |   0.0 |  1387
               +---------+---------+-------+---------+---------+-------+---------
           D:1 |       0 |      54 |   0.0 |       0 |      31 |   0.0 |   797
           D:2 |       0 |      56 |   0.0 |       0 |      14 |   0.0 |   436
           D:3 |       0 |     257 |   0.0 |       0 |       9 |   0.0 |   154
               +---------+---------+-------+---------+---------+-------+---------
